Map: Crimson Court LE

Players

Terradin

  • Race: Terran Terran
  • League: Diamond

PracticeX

  • Race: Terran Terran
  • Spawn Location: 1:00

VOD

Have the link to the VOD?

Description

Time

  • Played on: Aug. 23, 2024, 3:26 p.m.
  • Length: 11:41
Show
View Real Time Build Order
Export as new Build Order

Terradin Terran 

Build Orders:  

Get SALT Encoding   

Show
View Real Time Build Order
Export as new Build Order

PracticeX Terran 

Build Orders: Cyclone Opening, Mech 

Get SALT Encoding   

  12  0:02  SCV  
  13  0:14  SCV  
  13  0:18  Supply Depot  
  14  0:26  SCV  
  15  0:36  Refinery  
  15  0:39  SCV  
  16  0:44  Barracks  
  16  0:51  SCV  
  17  0:59  Refinery  
  17  1:03  SCV  
  18  1:15  SCV  
  19  1:32  Orbital Command, Reaper  
  20  1:42  Factory  
  20  1:57  Supply Depot  
  20  1:59  SCV  
  21  2:04  Reaper  
  22  2:11  SCV  
  23  2:27  Command Center  
  23  2:28  Cyclone  
  25  2:43  Barracks Reactor, SCV  
  26  2:50  Supply Depot  
  26  2:55  SCV  
  26  2:57  Starport  
  27  3:03  Cyclone  
  29  3:08  SCV  
  30  3:18  Refinery  
  30  3:20  SCV  
  30  3:21  Marine x2  
  33  3:32  SCV  
  34  3:36  Factory Tech Lab, Starport Tech Lab  
  34  3:38  Marine x2  
  36  3:41  Orbital Command  
  36  3:49  SCV  
  39  3:55  Raven  
  39  3:56  Interference Matrix  
  39  4:01  SCV  
  39  4:02  Marine x2  
  40  4:06  Siege Tank  
  40  4:09  SCV  
  46  4:15  SCV, Supply Depot  
  47  4:21  SCV  
  47  4:22  Marine x2  
  50  4:32  SCV  
  51  4:39  Command Center  
  51  4:43  SCV  
  51  4:45  Raven  
  54  4:50  Siege Tank  
  54  4:51  SCV  
  58  4:56  Refinery  
  58  5:01  Supply Depot  
  58  5:02  SCV  
  58  5:04  Marine x2  
  61  5:07  SCV  
  61  5:12  Supply Depot  
  62  5:28  Factory, Siege Tank  
  65  5:31  Viking x2  
  69  5:36  SCV, Supply Depot  
  69  5:40  SCV  
  71  5:48  SCV  
  71  5:49  Barracks Reactor  
  72  5:51  Factory  
  72  5:52  Orbital Command  
  72  5:56  SCV  
  73  6:00  SCV  
  73  6:03  Siege Tank  
  77  6:08  SCV  
  77  6:10  Orbital Command, Viking  
  80  6:12  SCV  
  81  6:20  SCV  
  81  6:24  SCV  
  83  6:32  Siege Tank, SCV  
  86  6:37  Armory x2, SCV  
  86  6:39  Supply Depot  
  88  6:40  SCV  
  88  6:45  SCV  
  88  6:46  Hellion  
  88  6:47  Hellion  
  94  6:49  SCV  
  94  6:50  Supply Depot  
  94  6:51  Supply Depot  
  94  6:52  SCV  
  96  6:54  Infernal Pre-Igniter  
  96  6:57  SCV  
  96  7:01  SCV  
  98  7:02  Siege Tank  
  98  7:04  SCV  
  98  7:06  Refinery x2  
  102  7:09  SCV, Supply Depot  
  102  7:11  Siege Tank  
  106  7:16  SCV x2  
  106  7:22  Factory  
  108  7:24  Factory  
  108  7:26  Terran Vehicle Weapons Level 1  
  108  7:28  Terran Vehicle And Ship Armor Level 1  
  108  7:30  Engineering Bay  
  108  7:31  SCV x3  
  108  7:35  Hellion x2  
  115  7:52  Viking x2  
  115  7:53  Siege Tank  
  122  7:59  Siege Tank  
  122  8:03  Supply Depot  
  122  8:05  Supply Depot  
  125  8:06  Missile Turret, SCV  
  125  8:07  Missile Turret, SCV x2  
  125  8:09  Sensor Tower  
  125  8:10  Missile Turret  
  125  8:11  Factory Tech Lab, Factory Reactor  
  128  8:18  SCV  
  128  8:19  Hellion, SCV  
  132  8:24  Hellion, Supply Depot x2  
  134  8:30  Command Center  
  134  8:38  Siege Tank  
  134  8:39  Hellion  
  134  8:40  Missile Turret, SCV  
  140  8:48  Viking  
  140  8:49  Viking  
  140  8:52  Siege Tank  
  140  8:54  SCV x2  
  140  8:55  SCV  
  150  9:04  Siege Tank  
  150  9:05  Hellion x2  
  150  9:06  SCV x2  
  150  9:08  Supply Depot  
  159  9:10  Supply Depot  
  159  9:19  Factory x2  
  159  9:23  Siege Tank  
  162  9:24  Viking x2  
  166  9:34  Supply Depot  
  166  9:39  Siege Tank  
  166  9:40  Hellion  
  166  9:44  SCV  
  166  9:45  SCV  
  173  9:53  Siege Tank  
  173  9:55  Siege Tank  
  181  10:00  Hellion  
  181  10:03  Planetary Fortress, Unknown  
  181  10:12  Factory Tech Lab x2  
  181  10:18  Thor  
  187  10:26  Sensor Tower  
  187  10:32  Thor  
  193  10:41  Thor  
  199  10:49  Command Center  
  199  10:50  Command Center  
  199  11:06  Missile Turret  
  199  11:08  Missile Turret  
  199  11:09  Missile Turret  
  199  11:21  Command Center  
  199  11:23  Command Center  
  199  11:25  Command Center  
Tags
 
Composition
Mech
League
Diamond
Matchup
TvT
Race
Terran
Add a new tag
Caveats
  • Supply blocks, unpowered buildings, or Contaminate may cause inaccurate times.
  • Supply counts are checked every 10 seconds.